 Dungeon Crawl Stone Soup version 0.29-a0-676-ga64570c9d2 (console) character file.

Game seed: 17206615907750760820

20878 om the Grappler (level 12, -14/171 HPs)
             Began as a Troll Berserker on June 24, 2022.
             Was an Elder of Trog.
             Demolished by a two-headed ogre
             ... wielding a +0 giant club
              (28 damage)
             ... on level 13 of the Dungeon.
             The game lasted 00:30:19 (12055 turns).

om the Grappler (Troll Berserker)                  Turns: 12055, Time: 00:30:20

Health: -14/171    AC:  9    Str: 34    XL:     12   Next: 49%
Magic:  0/3        EV: 14    Int:  5    God:    Trog [****..]
Gold:   570        SH:  0    Dex: 17    Spells: 11/11 levels left

rFire   . . .      SeeInvis .   P - +5 flail {antimagic, rElec rPois Stlth+}
rCold   . . .      Faith    .   (no shield)
rNeg    . . .      Spirit   +   C - +0 steam dragon scales
rPois   +          Reflect  .   y - +2 hat
rElec   +          Harm     .   (no cloak)
rCorr   .          Rampage  .   (gloves unavailable)
Will    +....                   (boots unavailable)
Stlth   ..........              s - amulet of guardian spirit
HPRegen 1.18/turn               p - +6 ring of dexterity
MPRegen 0.08/turn               L - +6 ring of strength

@: berserking (expiring), very quick
A: large, unfitting armour, claws 3, regeneration 1, shaggy fur 1, tough skin 1,
strong-willed 1
a: Renounce Religion, Berserk, Trog's Hand, Brothers in Arms


You were on level 13 of the Dungeon.
You worshipped Trog.
Trog was greatly pleased with you.
You visited 2 branches of the dungeon, and saw 14 of its levels.
You also visited: Sewer.

You collected 690 gold pieces.
You spent 120 gold pieces at shops.

Inventory:

Hand Weapons
 a - a +2 flail of venom
 G - a +2 dagger of chaos
 K - a +0 giant club of flaming
 O - the +10 short sword of Acuojoimu {holy, Int+2}
   (You found it on level 9 of the Dungeon)

   It has been blessed by the Shining One to cause great damage to the undead
   and demons.
   Int:       It affects your intelligence (+2).
 P - the +5 flail "Ynorim" (weapon) {antimagic, rElec rPois Stlth+}
   (You found it on level 10 of the Dungeon)

   It reduces the magical energy of the wielder, and disrupts the spells and
   magical abilities of those it strikes.
   Natural abilities and divine invocations are not affected.
   rElec:     It insulates you from electricity.
   rPois:     It protects you from poison.
   Stlth:     It makes you more stealthy.
Missiles
 l - 26 poisoned darts
 n - a curare-tipped dart
 x - 3 boomerangs of dispersal
 N - 7 large rocks (quivered)
Armour
 i - a +0 animal skin
 y - a +2 hat (worn)
 C - +0 steam dragon scales (worn)
 J - a +2 robe of cold resistance
Jewellery
 p - a +6 ring of dexterity (left claw)
 s - an amulet of guardian spirit (around neck)
 u - an amulet of guardian spirit
 F - a +6 ring of dexterity
 L - a +6 ring of strength (right claw)
Wands
 q - a wand of iceblast (13)
 B - a wand of acid (3)
Scrolls
 c - a scroll of torment
 e - 2 scrolls of poison
 f - 6 scrolls of vulnerability
 g - 3 scrolls of brand weapon
 r - a scroll of teleportation
 t - 4 scrolls of immolation
 v - a scroll of enchant weapon
 w - 3 scrolls of enchant armour
 D - a scroll of fog
 E - a scroll of silence
 H - a scroll of amnesia
 Q - 2 scrolls of magic mapping
Potions
 b - a potion of attraction
 d - 3 potions of haste
 h - 11 potions of curing
 j - 3 potions of heal wounds
 k - 5 potions of might
 m - a potion of invisibility
 o - 4 potions of lignification
 I - 3 potions of flight
 M - a potion of magic


   Skills:
 - Level 6.0 Fighting
 * Level 7.9 Maces & Flails
 - Level 10.0 Throwing
 - Level 8.0 Dodging
 - Level 10.0 Unarmed Combat
 - Level 5.0 Evocations


You had 11 spell levels left.
You didn't know any spells.
Your spell library was empty.

Dungeon Overview and Level Annotations

Branches:
Dungeon (13/15)            Temple (1/1) D:7            Lair (0/6) D:11
    Orc (0/2) D:9           Sewer (visited)
 Vaults: D:13-14

Altars:
Ashenzari
Cheibriados
Dithmenos
Elyvilon
Fedhas
Gozag
Hepliaklqana
Kikubaaqudgha
Makhleb
Nemelex Xobeh
Okawaru
Qazlal
Ru
Sif Muna
Uskayaw
Vehumet
Wu Jian
Xom
Yredelemnul
Zin
The Shining One

Shops:
D:2 [   D:4 *   D:5 =   D:11 *


Innate Abilities, Weirdness & Mutations

You are too large for most types of armour.
You have claws for hands.
Your natural rate of healing is unusually fast.
You are covered in fur. (AC +1)
You have tough skin. (AC +1)
You are strong-willed. (Will+)


Message History

* * * LOW HITPOINT WARNING * * *
The gargoyle closely misses you.
You completely miss the basilisk.
The basilisk is severely wounded.
The basilisk falters for a moment.
The gargoyle hits you but does no damage.
You sock the basilisk!
You kill the basilisk!
Trog accepts your kill.
You see here 9 stones.
You thump the gargoyle!
The gargoyle is moderately damaged.
The gargoyle hits you with a +0 mace.
* * * LOW HITPOINT WARNING * * *
You thump the gargoyle!
The gargoyle is almost destroyed.
You sock the gargoyle!
You destroy the gargoyle!
Trog accepts your kill.
Training target 8.0 for Dodging reached!
Your Dodging skill increases to level 8!
You thump the two-headed ogre! You claw the two-headed ogre.
The two-headed ogre is moderately wounded.
The two-headed ogre barely misses you.
The two-headed ogre completely misses you.
You barely miss the two-headed ogre.
The two-headed ogre is moderately wounded.
You sock the two-headed ogre!
The two-headed ogre is heavily wounded.
You hit the two-headed ogre but do no damage.
The two-headed ogre is heavily wounded.
The two-headed ogre hits you with a +0 giant club.
* * * LOW HITPOINT WARNING * * *
The two-headed ogre closely misses you.
You hit the two-headed ogre.
The two-headed ogre is heavily wounded.
You sock the two-headed ogre!
The two-headed ogre is severely wounded.
The two-headed ogre hits you with a +0 giant club!!
You die...

#...###..###.......#.
#...............#....
#....##.#.....#.....
#...##.......#...
#...##.#.#.#...#
#...##. .#....#.
######. .###.#.# #.
.# #.##.# #. .#
##.### #O## ##@# ###


You could see a two-headed ogre.

Vanquished Creatures
  A hydra (D:10)
  2 boulder beetles
  3 two-headed ogres
  3 death yaks
  A tengu warrior (D:9)
  A skeletal warrior (D:9)
  An orc knight (D:10)
  2 deep elf pyromancers
  2 cyclopes
  A manticore (D:12)
  An ugly thing (D:12)
  2 gargoyles
  2 kobold demonologists (D:12)
  Psyche (D:9)
  A tengu conjurer (D:13)
  A komodo dragon (D:11)
  2 hornets
  Sigmund (D:5)
  2 shadows
  A wyvern (D:9)
  A wraith (D:8)
  5 yaks
  Grum (D:9)
  4 steam dragons
  2 basilisks
  2 vampire mosquitoes (D:10)
  A water moccasin (D:7)
  7 orc warriors
  An ice beast (D:7)
  3 sky beasts
  A black bear (D:6)
  3 ogres
  5 centaurs
  3 wolves (D:9)
  4 kobold brigands
  2 necrophages (D:6)
  6 scorpions
  5 bullfrogs
  A gnoll sergeant (D:13)
  7 wights
  9 killer bees
  3 electric eels
  5 howler monkeys
  A crimson imp (D:5)
  2 jellies
  6 orc priests
  8 hounds
  4 iguanas
  13 orc wizards
  A centaur simulacrum (D:9)
  6 gnolls
  9 adders
  A shadow imp (D:6)
  2 white imps
  4 worms
  7 dart slugs
  44 orcs
  9 bats
  8 endoplasms
  6 giant cockroaches
  7 goblins
  6 hobgoblins
  11 quokkas
  7 ball pythons
  3 frilled lizards (D:1)
  24 kobolds
  14 rats
315 creatures vanquished.

Vanquished Creatures (collateral kills)
  An ugly thing (D:11)
  A cyclops (D:13)
  2 yaks (D:11)
  2 orc warriors (D:9)
  An orc priest (D:13)
  An orc wizard (D:13)
  A gnoll (D:13)
  An orc (D:13)
10 creatures vanquished.

Vanquished Creatures (others)
  An orc (D:7)
  5 fungi (D:4)
6 creatures vanquished.

Grand Total: 331 creatures vanquished

Notes
Turn   | Place    | Note
-------+----------+-------------------------------------------
     0 | D:1      | om the Troll Berserker began the quest for the Orb.
     0 | D:1      | Reached XP level 1. HP: 22/22 MP: 0/0
   266 | D:1      | Reached XP level 2. HP: 29/29 MP: 1/1
   569 | D:1      | Reached XP level 3. HP: 30/36 MP: 2/2
   714 | D:1      | Reached ** piety under Trog
   888 | D:2      | Found Rinekal's Armour Shoppe.
  1038 | D:2      | Found a faded altar of an unknown god.
  1530 | D:2      | Reached XP level 4. HP: 40/44 MP: 3/3
  1952 | D:3      | Found a glowing drain.
  1978 | Sewer    | Entered a sewer
  2015 | Sewer    | Reached *** piety under Trog
  2037 | Sewer    | Noticed a kobold brigand
  2037 | Sewer    | Noticed a kobold brigand
  2041 | Sewer    | Killed a kobold brigand
  2042 | Sewer    | Reached XP level 5. HP: 53/53 MP: 4/4
  2045 | Sewer    | Reached skill level 5 in Unarmed Combat
  2211 | Sewer    | Reached XP level 6. HP: 43/61 MP: 5/5
  2640 | D:3      | Gained mutation: You are strong-willed. (Will+) [potion of
                  | mutation]
  2728 | D:3      | Found an ornate altar of the Wu Jian Council.
  2728 | D:3      | Found a snail-covered altar of Cheibriados.
  3105 | D:4      | Reached XP level 7. HP: 59/68 MP: 6/6
  3131 | D:4      | Reached **** piety under Trog
  3427 | D:4      | Reached skill level 1 in Evocations
  3431 | D:4      | Found Zisujudu's Neck Hole.
  3775 | D:5      | Entered Level 5 of the Dungeon
  3891 | D:5      | Found Naipa's Jewellery Emporium.
  3918 | D:5      | Reached skill level 1 in Throwing
  3950 | D:5      | Noticed Sigmund
  3960 | D:5      | Killed Sigmund
  3961 | D:5      | Reached XP level 8. HP: 79/79 MP: 7/7
  4414 | D:5      | Found a broken altar of Ashenzari.
  4802 | D:6      | Reached ***** piety under Trog
  5206 | D:6      | Found a stormy altar of Qazlal.
  5454 | D:6      | Reached XP level 9. HP: 84/85 MP: 8/8
  5736 | D:7      | Reached skill level 5 in Fighting
  5736 | D:7      | Reached skill level 5 in Dodging
  5985 | D:7      | Found a staircase to the Ecumenical Temple.
  6006 | Temple   | Entered the Ecumenical Temple
  6047 | D:7      | Reached skill level 5 in Throwing
  6372 | D:8      | Reached XP level 10. HP: 86/96 MP: 9/9
  6668 | D:8      | You fall into a shaft and drop 2 floors!
  6668 | D:10     | Entered Level 10 of the Dungeon
  6726 | D:10     | Reached skill level 5 in Evocations
  6760 | D:10     | Found a sacrificial altar of Ru.
  6954 | D:9      | Noticed Psyche
  6959 | D:9      | Killed Psyche
  6970 | D:9      | Noticed a two-headed ogre
  6982 | D:9      | Killed a two-headed ogre
  6983 | D:9      | Reached skill level 10 in Unarmed Combat
  7218 | D:9      | Reached skill level 1 in Maces & Flails
  7501 | D:9      | HP: 1/98 [orc warrior/+0 scimitar (10)]
  7930 | D:9      | Noticed Grum
  7961 | D:9      | Killed Grum
  7971 | D:9      | Reached XP level 11. HP: 91/105 MP: 10/10
  8055 | D:9      | Found a staircase to the Orcish Mines.
  8460 | D:9      | Noticed a skeletal warrior
  8460 | D:9      | Noticed a deep elf pyromancer
  8492 | D:8      | Killed a deep elf pyromancer
  8512 | D:9      | Killed a skeletal warrior
  8556 | D:9      | Noticed a tengu warrior
  8575 | D:9      | Killed a tengu warrior
  8606 | D:9      | Identified the +10 short sword of Acuojoimu {holy, Int+2}
  8920 | D:10     | Found a basalt altar of Yredelemnul.
  9060 | D:10     | Noticed a four-headed hydra
  9078 | D:10     | Identified the +5 flail "Ynorim" {antimagic, rElec rPois
                  | Stlth+}
  9087 | D:10     | Noticed an orc knight
  9121 | D:10     | Killed a four-headed hydra
  9451 | D:10     | Killed an orc knight
  9510 | D:10     | Noticed a deep elf pyromancer
  9519 | D:10     | Killed a deep elf pyromancer
  9573 | D:11     | Found Jiojan's Assorted Antiques.
  9582 | D:11     | Bought a scroll of identify for 60 gold pieces
  9582 | D:11     | Bought a scroll of identify for 60 gold pieces
  9611 | D:11     | Reached skill level 5 in Maces & Flails
  9746 | D:11     | Noticed a death yak
  9758 | D:11     | Noticed a death yak
  9760 | D:11     | Noticed a death yak
  9763 | D:10     | Killed a death yak
  9809 | D:10     | Killed a death yak
  9942 | D:11     | Noticed a two-headed ogre
  9952 | D:11     | Killed a two-headed ogre
  9984 | D:11     | Found a staircase to the Lair.
 10460 | D:11     | Killed a death yak
 10461 | D:11     | Reached XP level 12. HP: 97/114 MP: 3/11
 10579 | D:11     | Noticed a boulder beetle
 10589 | D:11     | Killed a boulder beetle
 10669 | D:11     | Noticed a two-headed ogre
 10672 | D:11     | Killed a two-headed ogre
 10947 | D:12     | Noticed a boulder beetle
 10958 | D:12     | Killed a boulder beetle
 11378 | D:12     | Reached skill level 10 in Throwing
 12040 | D:13     | Noticed a two-headed ogre
 12055 | D:13     | Demolished by a two-headed ogre

Illustrated notes

Levels and vault maps discovered:
D:1:      dpeg_arrival_short_road, layout_basic
D:2:      layout_basic, ebering_ecumenical_altar_petrified, serial_shops, shop,
          minmay_misc_feat_room, chequers_serial_rivers_marsh
D:3:      layout_loops_ring, gammafunk_temple_overflow_wave,
          gup_sewer_entry_pipe
D:4:      layout_loops_ring, serial_aquarium, aquarium_bridge_island_small
          [aquarium_subvault_small_open, aquarium_subvault_wall,
          aquarium_subvault_bridge, aquarium_subvault_balcony,
          aquarium_subvault_bridge], aquarium_window_fake, aquarium_window_1,
          aquarium_view_2a, aquarium_pool_corner,
          nicolae_shop_sticking_my_neck_out
D:5:      layout_gridville, mainiacjoe_overflow_alcove_1, serial_shops,
          shop_statue, minmay_parallelograms, minmay_fire_ice_demons,
          uniq_sigmund
D:6:      layout_basic, nicolae_qazlal_eye_of_the_storm, minmay_manual_mullet
D:7:      layout_rooms, minmay_temple_entry_drinking_statues
D:8:      layout_basic, lightli_temple_of_fire, minivault_25,
          dk_rats_in_the_wall
D:9:      minmay_shrinking_squares, layout_loops_corners, erik_orc_2,
          uniq_psyche, uniq_grum, uniq_pikel
D:10:     layout_roguey, kennysheep_little_box, kennysheep_mini,
          hangedman_decor_clover_reticule, wad_mini_maze
D:11:     layout_loops_ring, dpeg_lair_monsters, serial_shops, shop
D:12:     layout_basic
D:13:     layout_rooms, minmay_increasing_density
Temple:   nicolae_temple_no_exploring_needed

Skill      XL: |  1  2  3  4  5  6  7  8  9 10 11 12 |
---------------+-------------------------------------+-----
Unarmed Combat | 4 5 6 7 8 10 | 10.0
Dodging        | 3 4 5 6 7 8 |  8.0
Fighting       | 3 4 5 6 |  6.0
Evocations     | 2 3 4 5 |  5.0
Throwing       | 1 3 5 7 9 10 | 10.0
Maces & Flails | 2 6 7 |  7.9

Action                   |  1- 3 |  4- 6 |  7- 9 | 10-12 || total
-------------------------+-------+-------+-------+-------++-------
Melee: Unarmed           |   101 |   104 |   284 |   181 ||   670
       Punch             |     3 |     2 |     8 |    23 ||    36
       Giant club        |       |       |       |    56 ||    56
       Flail             |       |       |       |   210 ||   210
Throw: Dart              |       |       |       |     9 ||     9
       Large rock        |       |       |       |    18 ||    18
Invok: Berserk           |       |     3 |     6 |    17 ||    26
       Brothers in Arms  |       |       |       |     5 ||     5
       Trog's Hand       |       |       |       |     2 ||     2
Evoke: Wand              |       |       |       |     7 ||     7
  Use: Scroll            |     3 |     3 |     3 |    17 ||    26
       Potion            |       |     3 |     3 |     6 ||    12
 Stab: Sleeping          |       |     2 |     1 |     3 ||     6
       Distracted        |       |     1 |       |     1 ||     2
Armor: Animal skin       |    33 |    37 |    61 |       ||   131
       Steam dragon scal |       |       |    37 |   156 ||   193
Dodge: Dodged            |    39 |    49 |   186 |   330 ||   604

Table legend: (Time is in decaauts)
 A = Elapsed time spent in this place.
 B = Non-inter-level travel time spent in this place.
 C = Inter-level travel time spent in this place.
 D = Time resting spent in this place.
 E = Time spent auto-exploring this place.
 F = Levels seen in this place.
 G = Mean time per level.
                   A        B        C        D        E       F      G
               +--------+--------+--------+--------+--------+-----+--------+
         Total |  12352 |  11858 |    494 |   1890 |   7039 |  15 |  823.5 |
       Dungeon |  11998 |  11504 |    494 |   1865 |   6873 |  13 |  922.9 |
        Temple |      3 |      3 |      0 |      0 |      0 |   1 |    3.0 |
         Sewer |    350 |    350 |      0 |     25 |    166 |   1 |  350.0 |
               +--------+--------+--------+--------+--------+-----+--------+

Top non-repeatable levels by time:
     D:9: 1618 daAuts
    D:10: 1537 daAuts
    D:11: 1196 daAuts
     D:2: 1057 daAuts
     D:5: 984 daAuts
     D:6: 970 daAuts
     D:1: 869 daAuts
     D:4: 774 daAuts
     D:3: 752 daAuts
    D:12: 743 daAuts
     D:7: 677 daAuts
     D:8: 583 daAuts
   Sewer: 350 daAuts
    D:13: 233 daAuts
  Temple: 3 daAuts
